 Dungeon Crawl Stone Soup version 0.31-a0-1278-g11c5b68f87 (webtiles) character file.

Game seed: 100706897794232494

3611 jasper the Fighter (level 9, -3/87 HPs)
             Began as a Demonspawn Cinder Acolyte on Dec 17, 2023.
             Was a Priest of Ignis.
             Slain by a two-headed ogre
             ... wielding a +0 giant spiked club
              (25 damage)
             ... on level 8 of the Dungeon.
             The game lasted 00:10:23 (7765 turns).

jasper the Fighter (Demonspawn Cinder Acolyte)      Turns: 7765, Time: 00:10:23

Health: -3/87      AC: 19    Str: 18    XL:     9   Next: 86%
Magic:  10/10      EV: 12    Int: 15    God:    Ignis [***...]
Gold:   852        SH: 12    Dex:  9    Spells: 10/10 levels left

rFire   + . .        q - +1 dagger (elec)
rCold   . . .        J - +0 tower shield
rNeg    . . .        F - +0 acid dragon scales
rPois   .            (helmet restricted)
rElec   .            (no cloak)
rCorr   +            (no gloves)
SInv    .            B - +0 pair of boots
Will    .....        (no amulet)
Stlth   +            L - +5 ring of evasion
HPRegen 0.34/turn    (no ring)
MPRegen 0.12/turn

%: no passive effects
@: fiery-armoured, slowed, studying Short Blades, very slow
A: horns 2, icy blue scales 2, demonic guardian 1, powered by pain 1
a: Renounce Religion, Fiery Armour, Foxfire Swarm, Rising Flame


You were on level 8 of the Dungeon.
You worshipped Ignis.
Ignis was most pleased with you.
You visited 1 branch of the dungeon, and saw 8 of its levels.

You collected 852 gold pieces.

Inventory:

Hand Weapons
 a - a -1 falchion of flaming
 i - a +0 flail
 q - a +1 dagger of electrocution (weapon)
 x - a +0 war axe
 D - a +2 morningstar of freezing
 G - a +5 dagger
Missiles
 c - 85 stones (quivered)
 n - 6 curare-tipped darts
 r - 9 javelins
 v - 7 poisoned darts
 H - 4 throwing nets
Armour
 b - a +0 robe
 j - a +0 chain mail
 m - a +0 ring mail
 B - a +0 pair of boots (worn)
 F - +0 acid dragon scales (worn)
 J - a +0 tower shield (worn)
Magical Staves
 I - a staff of death
Jewellery
 L - a +5 ring of evasion (left hand)
Wands
 g - a wand of digging (5)
 h - a wand of flame (10)
 A - a wand of mindburst (14)
 C - a wand of iceblast (7)
Scrolls
 e - 2 scrolls of noise
 f - 2 scrolls of torment
 p - 3 scrolls of poison
 t - 3 scrolls of identify
 y - 2 scrolls of teleportation
 E - a scroll of revelation
 K - 3 scrolls of fog
Potions
 d - 4 potions of curing
 k - 2 potions of attraction
 l - 2 potions of brilliance
 o - 3 potions of magic
 s - a potion of berserk rage
 u - a potion of cancellation
 w - a potion of haste
 z - a potion of lignification


   Skills:
 - Level 14.0 Fighting
 - Level 2.6 Long Blades
 - Level 6.4 Armour
 + Level 4.9 Shields
 - Level 1.0 Spellcasting
 - Level 2.6 Fire Magic


You had 10 spell levels left.
You didn't know any spells.
Your spell library contained the following spells:

 Spells                   Type           Power      Damage    Failure   Level
 Scorch                   Fire           16%        2d5       77%         2
 Magic Dart               Conj           0%         1d3       94%         1
 Call Imp                 Summ           0%         N/A       98%         2
 Cigotuvi's Dreadful Rot  Necr/Pois/Air  0%         N/A       98%         2
 Mephitic Cloud           Conj/Pois/Air  0%         N/A       100%        3
 Dispel Undead            Necr           0%         3d6       100%        4
 Death Channel            Necr           0%         N/A       100%        6


Dungeon Overview and Level Annotations

Branches:
Dungeon (8/15)             Temple (0/1) D:5
   Lair: D:8-11

Altars:


Innate Abilities, Weirdness & Mutations

You have a pair of horns on your head.
You are mostly covered in icy blue scales. (AC +3)
A weak demonic guardian rushes to your aid.
You sometimes gain a little power by taking damage.


Message History

You take 4 damage, and have 74/87 hp.
You closely miss the wraith. Your headbutt misses the wraith.
The wraith is almost destroyed.
You block the wraith's attack.
You hit the wraith.
You destroy the wraith!
A two-headed ogre comes into view.
It is wielding two +0 giant spiked clubs.
The two-headed ogre shouts in stereo!
You hear a croak.
A bullfrog comes into view.
There are monsters nearby!
The bullfrog attacks as it pursues you! The bullfrog misses you.
The bullfrog hits you but does no damage. x2
The bullfrog attacks as it pursues you! You block the bullfrog's attack. x2
The bullfrog attacks as it pursues you! You block the bullfrog's attack.
You closely miss the two-headed ogre.
Your headbutt misses the two-headed ogre.
The bullfrog barely misses you.
The two-headed ogre hits you with a +0 giant spiked club!!
You block the two-headed ogre's attack. The bullfrog barely misses you.
You take 26 damage, and have 53/87 hp.
MASSIVE DAMAGE!!
You hit the two-headed ogre.
Lightning courses through the two-headed ogre!!
The two-headed ogre is moderately wounded.
You block the bullfrog's attack. x2
The two-headed ogre hits you with a +0 giant spiked club!!
The two-headed ogre hits you with a +0 giant spiked club!
* * * LOW HITPOINT WARNING * * *
The bullfrog closely misses you.
You take 32 damage, and have 21/87 hp.
MASSIVE DAMAGE!!
A protective cloak of flame settles atop you.
You block the bullfrog's attack.
The two-headed ogre closely misses you. x2
The bullfrog hits you but does no damage.
The bullfrog is burned by your cloak of flames.
The bullfrog is moderately wounded.
You closely miss the two-headed ogre.
Your headbutt misses the two-headed ogre.
The two-headed ogre is moderately wounded.
The bullfrog barely misses you.
The two-headed ogre hits you with a +0 giant spiked club!!
You die...

.##>......................
#####..............!....
##..........)<>...#..
#...........#.#....###
#.##.......#..#....#
######.##...............#
#......##...............###
#...............#######....
#.......:O@........#####.#.
###........F......##.........
..................###########
................### #######
........#......... .......
........########### #######
........# .......## .......


You could see a two-headed ogre and a bullfrog.

Vanquished Creatures
  Pikel (D:6)
  Grinder (D:3)
  A hornet (D:8)
  A wraith (D:8)
  A vampire mosquito (D:6)
  An acid dragon (D:6)
  Edmund (D:6)
  2 water moccasins
  An ice beast (D:8)
  A sky beast (D:6)
  A black bear (D:6)
  2 ogres
  A centaur (D:6)
  2 phantoms (D:6)
  A lemure (D:6)
  A kobold brigand (D:7)
  A scorpion (D:4)
  4 wights (D:6)
  4 killer bees (D:8)
  3 jellies
  3 hounds
  A gnoll bouda (D:8)
  5 orc priests
  A sleepcap (D:5)
  4 iguanas
  Terence (D:2)
  3 orc wizards
  11 gnolls
  6 adders
  A shadow imp (D:5)
  2 white imps
  3 dart slugs
  26 orcs
  2 bats (D:1)
  6 endoplasms
  5 giant cockroaches
  10 goblins
  6 hobgoblins
  4 jackals (D:1)
  13 kobolds
  A quokka (D:2)
  6 ball pythons
  2 ball python zombies (D:2)
  3 frilled lizards
  A quokka skeleton (D:2)
  6 rats
163 creatures vanquished.

Vanquished Creatures (collateral kills)
  A gnoll (D:2)
  A white imp (D:3)
  2 orcs (D:7)
4 creatures vanquished.

Grand Total: 167 creatures vanquished

Notes
Turn   | Place    | Note
-------+----------+-------------------------------------------
     0 | D:1      | jasper the Demonspawn Cinder Acolyte began the quest for
                  | the Orb.
     0 | D:1      | Reached XP level 1. HP: 18/18 MP: 2/2
   295 | D:1      | Gained mutation: You have a pair of small horns on your
                  | head. [demonic ancestry]
   295 | D:1      | Reached XP level 2. HP: 20/24 MP: 3/3
   323 | D:1      | Learned a level 2 spell: Scorch
   638 | D:1      | Reached skill level 4 in Fighting
  1065 | D:1      | Gained mutation: A weak demonic guardian rushes to your
                  | aid. [demonic ancestry]
  1065 | D:1      | Reached XP level 3. HP: 23/30 MP: 4/4
  1436 | D:2      | Reached XP level 4. HP: 27/38 MP: 5/5
  1635 | D:2      | Reached skill level 5 in Fighting
  1713 | D:2      | Noticed Terence
  1728 | D:2      | Killed Terence
  2836 | D:3      | Noticed Grinder
  2836 | D:3      | Paralysed by Grinder for 5 turns
  2849 | D:3      | Killed Grinder
  2850 | D:3      | Reached skill level 7 in Fighting
  2850 | D:3      | Gained mutation: You sometimes gain a little power by
                  | taking damage. [demonic ancestry]
  2850 | D:3      | Reached XP level 5. HP: 39/48 MP: 6/6
  2850 | D:3      | Reached XP level 6. HP: 45/55 MP: 7/7
  3368 | D:4      | Reached skill level 8 in Fighting
  3838 | D:5      | Entered Level 5 of the Dungeon
  3843 | D:5      | Gained mutation: You are partially covered in icy blue
                  | scales. (AC +2) [demonic ancestry]
  3843 | D:5      | Reached XP level 7. HP: 63/63 MP: 8/8
  3884 | D:5      | Reached skill level 9 in Fighting
  4183 | D:5      | Reached skill level 10 in Fighting
  4244 | D:5      | Found a staircase to the Ecumenical Temple.
  4457 | D:5      | Found a sand-covered staircase.
  4595 | D:6      | Reached skill level 11 in Fighting
  4926 | D:6      | Noticed Pikel
  4958 | D:6      | Killed Pikel
  4959 | D:6      | Reached skill level 13 in Fighting
  4959 | D:6      | Gained mutation: You are mostly covered in icy blue scales.
                  | (AC +3) [demonic ancestry]
  4959 | D:6      | Reached XP level 8. HP: 56/79 MP: 9/9
  5082 | D:6      | Reached skill level 14 in Fighting
  5082 | D:6      | Reached skill level 1 in Armour
  5173 | D:6      | Gained mutation: You have a pair of horns on your head.
                  | [demonic ancestry]
  5173 | D:6      | Reached XP level 9. HP: 52/87 MP: 10/10
  5487 | D:6      | Noticed Edmund
  5496 | D:6      | Killed Edmund
  5691 | D:6      | Reached skill level 5 in Armour
  6003 | D:6      | Identified a scroll of acquirement
  6003 | D:6      | Acquired 526 gold pieces
  7276 | D:8      | Reached skill level 1 in Shields
  7737 | D:8      | Paralysed by a hornet for 1 turns
  7755 | D:8      | Noticed a two-headed ogre
  7765 | D:8      | Slain by a two-headed ogre

Illustrated notes

Levels and vault maps discovered:
D:1:      eino_arrival_cavern_b, layout_basic
D:2:      layout_basic, serial_undead, serial_undead_b, serial_undead_e,
          serial_undead_e, serial_undead_e, minmay_pentomino_u2, uniq_terence
D:3:      layout_basic, hex_medium, uniq_grinder
D:4:      layout_rooms
D:5:      layout_loops_ring, minmay_temple_entry_butterflies,
          nicolae_ossuary_entry_plus, serial_bayou_lake_a
D:6:      layout_basic, minmay_manual_monolith, uniq_pikel, uniq_edmund
D:7:      layout_layer_cave, hangedman_decor_slide_cut,
          nicolae_nh_ransacked_shop
D:8:      layout_rooms, mainiacjoe_overflow_big_doors

Skill      XL: |  1  2  3  4  5  6  7  8  9 |
---------------+----------------------------+-----
Fighting       | 4 7 8 13 14 | 14.0
Armour         | 3 6 |  6.4
Shields        | 4 |  4.9
Long Blades    | |  2.6
Spellcasting   | |  1.0
Fire Magic     | |  2.6

Action                     |  1- 3 |  4- 6 |  7- 9 || total
---------------------------+-------+-------+-------++-------
  Melee: Falchion          |    89 |    46 |       ||   135
         Headbutt          |    10 |    27 |    70 ||   107
         Dagger            |       |    98 |   341 ||   439
         Punch             |       |     2 |     4 ||     6
  Throw: Stone             |     3 |     1 |     1 ||     5
   Cast: Scorch            |     9 |       |       ||     9
 Invoke: Fiery Armour      |       |     2 |     5 ||     7
  Evoke: Wand              |       |       |     4 ||     4
    Use: Scroll            |     2 |     6 |    12 ||    20
 Armour: Robe              |    28 |       |       ||    28
         Ring mail         |    16 |       |       ||    16
         Chain mail        |    25 |   104 |    98 ||   227
         Acid dragon scale |       |       |   188 ||   188
  Dodge: Dodged            |    48 |    42 |   147 ||   237
  Block: Tower shield      |       |       |    75 ||    75

Table legend: (Time is in decaauts)
 A = Elapsed time spent in this place.
 B = Non-inter-level travel time spent in this place.
 C = Inter-level travel time spent in this place.
 D = Time resting spent in this place.
 E = Time spent auto-exploring this place.
 F = Levels seen in this place.
 G = Mean time per level.
                   A        B        C        D        E       F      G
               +--------+--------+--------+--------+--------+-----+--------+
         Total |   7817 |   7556 |    261 |    206 |   5742 |   8 |  977.1 |
       Dungeon |   7817 |   7556 |    261 |    206 |   5742 |   8 |  977.1 |
               +--------+--------+--------+--------+--------+-----+--------+

Top non-repeatable levels by time:
     D:6: 1448 daAuts
     D:1: 1269 daAuts
     D:7: 1240 daAuts
     D:2: 1135 daAuts
     D:3: 754 daAuts
     D:5: 728 daAuts
     D:4: 695 daAuts
     D:8: 545 daAuts
